 Dungeon Crawl Stone Soup version 0.32-a0-468-g38b2580584 (webtiles) character file.

Game seed: 8686377092020005408

5391 anonymouscript the Grappler (level 10, -19/94 HPs)
             Began as a Troll Chaos Knight on June 3, 2023.
             Was a Plaything of Xom.
             Demolished by Erolcha
             ... wielding a +0 giant spiked club
              (29 damage)
             ... on level 10 of the Dungeon on Feb 25, 2024.
             The game lasted 00:37:35 (5962 turns).

anonymouscript the Grappler (Troll Chaos Knight)    Turns: 5962, Time: 00:37:35

Health: -19/94     AC: 10    Str: 24    XL:     10   Next: 39%
Magic:  18/18      EV:  8    Int:  4    God:    Xom [*.....]
Gold:   554        SH: 20    Dex: 11    Spells: 8/9 levels left

rFire   . . .        Q - +11 Singing Sword {sonic wave}
rCold   . . .        U - +10 tower shield of Ignorance {rN+ Int-4}
rNeg    + . .        a - +2 robe
rPois   .            (helmet restricted)
rElec   .            (no cloak)
rCorr   .            (gloves unavailable)
SInv    .            (boots unavailable)
Will    .....        (no amulet)
Stlth   ++           n - ring of magical power
HPRegen 1.15/turn    q - +4 ring of protection
MPRegen 0.16/turn

%: no passive effects
@: no status effects
A: large, unfitting armour, claws 3, regeneration 1, shaggy fur 1, tough skin 1
a: Renounce Religion


You were on level 10 of the Dungeon.
You worshipped Xom.
You were a special plaything of Xom.
You visited 2 branches of the dungeon, and saw 11 of its levels.
You also visited: Bailey.

You collected 835 gold pieces.
You spent 281 gold pieces at shops.

Inventory:

Hand Weapons
 w - a +0 vampiric short sword
 B - the +6 hand axe "Ligomeko" {spect, Dex+2}
   (You bought it in a shop on level 4 of the Dungeon)

   Dex+2:     It affects your dexterity (+2).
 D - a +0 broad axe
 M - a +3 spear
 Q - the +11 Singing Sword (weapon) {sonic wave}
   (You found it on level 7 of the Dungeon)
 R - a +3 quarterstaff of chaos
 T - a +4 hammer
 V - the +6 short sword "Demonbane" {freeze, rPois Int+2 Dex+2}
   (You found it on level 9 of the Dungeon)

   Int+2:     It affects your intelligence (+2).
   Dex+2:     It affects your dexterity (+2).
   rPois:     It protects you from poison
Missiles
 k - 14 poisoned darts
 l - 60 stones
 N - 3 atropa-tipped darts
Armour
 a - a +2 robe (worn)
 j - a +0 pair of gloves
 F - a +0 buckler
 S - a +2 cloak
 U - the +10 tower shield of Ignorance (worn) {rN+ Int-4}
   (You took it off an orc warrior in a bailey)

   Int-4:     It affects your intelligence (-4).
   rN+:       It protects you from negative energy.
Jewellery
 n - a ring of magical power (left claw)
 q - a +4 ring of protection (right claw)
 P - a ring of flight
Talismans
 H - a maw talisman
 L - a blade talisman
Wands
 E - a wand of flame (37) (quivered)
 G - a wand of polymorph (3)
 I - a wand of charming (7)
Scrolls
 c - a scroll of acquirement {unknown}
 d - 2 scrolls of noise {unknown}
 e - 3 scrolls of vulnerability {unknown}
 g - 11 scrolls of identify
 h - 2 scrolls of butterflies {unknown}
 m - 4 scrolls of teleportation
 o - 2 scrolls of enchant weapon {unknown}
 r - 4 scrolls of blinking {unknown}
 y - 2 scrolls of enchant armour {unknown}
 z - 2 scrolls of poison {unknown}
 A - a scroll of torment {unknown}
 C - 2 scrolls of brand weapon {unknown}
 J - 3 scrolls of fear {unknown}
 K - a scroll of amnesia {unknown}
Potions
 b - 2 potions of brilliance
 f - a potion of enlightenment
 i - 3 potions of heal wounds {unknown}
 p - a potion of cancellation
 s - 3 potions of curing
 t - a potion of degeneration {unknown}
 u - 2 potions of haste {unknown}
 v - a potion of resistance {unknown}
 x - a potion of lignification
Miscellaneous
 O - a condenser vane


   Skills:
 + Level 4.4 Fighting
 * Level 3.3 Long Blades
 + Level 0.1 Throwing
 + Level 6.0 Dodging
 + Level 1.5 Stealth
 + Level 11.6 Unarmed Combat
 + Level 1.6 Evocations
 * Level 3.3 Shapeshifting


You had 8 spell levels left.
You knew the following spells:

 Your Spells              Type           Power      Damage    Failure   Level
a - Magic Dart            Conj           0%         1d3       99%         1

Your spell library contained the following spells:

 Spells                   Type           Power      Damage    Failure   Level
 Sting                    Conj/Alch      0%         1d3       99%         1
 Mercury Vapours          Alch/Air       0%         N/A       99%         2
 Scorch                   Fire           0%         2d5       99%         2
 Searing Ray              Conj           0%         2d4       99%         2
 Flame Wave               Conj/Fire      0%         2d4       100%        4
 Fulminant Prism          Conj/Alch      0%         3d5       100%        4
 Olgreb's Toxic Radiance  Alch           0%         N/A       100%        4
 Summon Cactus Giant      Summ           0%         N/A       100%        6


Dungeon Overview and Level Annotations

Branches:
Dungeon (10/15)            Temple (1/1) D:5          Bailey (visited)
   Lair: D:8-11         Orc: D:9-12

Altars:
Ashenzari
Cheibriados
Dithmenos
Elyvilon
Fedhas
Gozag
Hepliaklqana
Kikubaaqudgha
Makhleb
Nemelex Xobeh
Okawaru
Qazlal
Ru
Sif Muna
Trog
Uskayaw
Vehumet
Wu Jian
Xom
Yredelemnul
Zin
The Shining One

Shops:
D:2 *   D:3 ?   D:4 (   D:6 =   D:9 *

Annotations:
D:8 Erica
D:9 3 runed translucent doors, Dittersdorf's ghost, journeyman GrFi; Strat's ghost, novice MDFi; jasper's ghost, novice CoCK
D:10 Erolcha


Innate Abilities, Weirdness & Mutations

You are too large for most types of armour.
You have claws for hands.
Your natural rate of healing is unusually fast.
You are covered in fur. (AC +1)
You have tough skin. (AC +1)


Message History

You send a blast of sound all around you.
The troll is almost dead. x2
You block the troll's attack. x3; The troll closely misses you.
You block the troll's attack. The troll claws you!
You hit the troll.
The troll is almost dead.
You block the troll's attack. The troll closely misses you.
You block the troll's attack.
You slash the troll!
You kill the troll!
Your life force feels restored.
Your Dodging skill increases to level 6!
HP restored.
Found a scale mail.
You see here a +0 scale mail.
Found a stone staircase leading down.
You open the door. You open the door.
There is an open door here.
You now have 554 gold pieces (gained 13).
You open the door.
There is an open door here.
Erolcha the Cunning comes into view.
She is wielding a +0 giant spiked club.
Erolcha shouts!
Erolcha screams, "DIE!"
Found a mace.
The puff of flame hits Erolcha!
Erolcha is lightly wounded.
Erolcha gestures at you while chanting.
The fireball explodes!
The fireball engulfs you!!
Found a scroll of identify.
Erolcha gestures wildly while chanting.
Erolcha flickers and vanishes!
Deactivating autopickup; reactivate with Ctrl-A.
You closely miss something. Something hits you!!
You slash something! Something hits you!!
* * * LOW HITPOINT WARNING * * *
You hit something. Something hits you!!
You die...
Xom thinks this is hilarious!

#
##.##......#
#
#.##......#
#
#.##......#
#
#.##......#
#
#.##......#
#...#######
###..# ##.##
#{@#
........#
.........
..........
...?....#.#
......).#..
........###.
........# ..


There were no monsters in sight!

Vanquished Creatures
  An orc knight (Bailey)
  A troll (D:10)
  A wyvern (D:9)
  A water moccasin (D:7)
  6 orc warriors (Bailey)
  4 black bears
  2 sky beasts
  3 ogres
  2 centaurs
  3 phantoms
  5 scorpions
  10 wights
  6 killer bees (D:7)
  3 howler monkeys
  4 electric eels (D:5)
  A hound (D:6)
  2 bombardier beetles
  3 jellies
  Crazy Yiuf (D:7)
  6 orc priests
  A gnoll bouda (D:6)
  2 sleepcaps
  5 iguanas
  10 orc wizards
  4 gnolls (D:6)
  11 adders
  2 white imps
  2 ribbon worms (D:2)
  5 dart slugs
  42 orcs
  13 endoplasms
  4 giant cockroaches
  6 goblins
  9 hobgoblins
  3 quokkas
  6 ball pythons
  10 bats
  3 frilled lizards
  10 kobolds
  11 rats
224 creatures vanquished.

Vanquished Creatures (collateral kills)
  A black bear (D:7)
  A gnoll sergeant (D:7)
  2 wights (D:7)
4 creatures vanquished.

Grand Total: 228 creatures vanquished

Notes
Turn   | Place    | Note
-------+----------+-------------------------------------------
     0 | D:1      | anonymouscript the Troll Chaos Knight began the quest for
                  | the Orb.
     0 | D:1      | Reached XP level 1. HP: 22/22 MP: 0/0
    30 | D:1      | Upgraded the game from 0.31-a0-133-gaae73658be to
                  | 0.32-a0-433-g08bcfe7efd
   100 | D:1      | Reached XP level 2. HP: 29/29 MP: 1/1
   114 | D:1      | XOM: divination: magic mapping
   162 | D:1      | XOM: silly message
   319 | D:1      | Reached XP level 3. HP: 33/36 MP: 2/2
   340 | D:1      | XOM: silly message
   535 | D:2      | Reached skill level 4 in Unarmed Combat
   639 | D:2      | XOM: silly message
   729 | D:2      | XOM: silly message
   737 | D:2      | Reached XP level 4. HP: 44/44 MP: 3/3
   907 | D:2      | Found Iskal's General Store.
  1112 | D:3      | XOM: potion effect (berserk rage)
  1113 | D:3      | XOM: potion effect (haste)
  1204 | D:3      | XOM: silly message
  1235 | D:3      | Learned a level 1 spell: Magic Dart
  1292 | D:3      | Found Javynn's Magic Scroll Emporium.
  1302 | D:3      | Bought a scroll of teleportation for 33 gold pieces
  1329 | D:3      | Found a blossoming altar of Fedhas.
  1344 | D:3      | XOM: 2-stop teleportation journey
  1440 | D:3      | Reached skill level 5 in Unarmed Combat
  1440 | D:3      | Reached XP level 5. HP: 39/53 MP: 4/4
  1583 | D:3      | XOM is BORED!
  1752 | D:3      | Reached XP level 6. HP: 61/61 MP: 5/5
  1955 | D:4      | Reached skill level 6 in Unarmed Combat
  2019 | D:4      | XOM: summons 1 hostile demon
  2027 | D:4      | Reached XP level 7. HP: 40/67 MP: 6/6
  2043 | D:4      | XOM: summons 1 hostile shadow creature
  2107 | D:4      | Reached skill level 7 in Unarmed Combat
  2317 | D:4      | XOM: stat loss: -1 Int (7/8)
  2319 | D:4      | Found a basalt altar of Yredelemnul.
  2321 | D:4      | Found an ornate altar of the Wu Jian Council.
  2338 | D:4      | XOM: divination: detect creatures
  2486 | D:4      | Found Putweah's Antique Weapon Emporium.
  2489 | D:4      | Bought a brightly glowing hand axe for 248 gold pieces
  2489 | D:4      | Identified the +6 hand axe "Ligomeko" {spect, Dex+2} (You
                  | bought it in a shop on level 4 of the Dungeon)
  2685 | D:4      | XOM: god gift: scroll labelled UREPSEENIR {god gift}
  2698 | D:5      | Entered Level 5 of the Dungeon
  2739 | D:5      | Found a staircase to the Ecumenical Temple.
  2753 | Temple   | Entered the Ecumenical Temple
  2808 | D:5      | Found a stormy altar of Qazlal.
  2836 | D:5      | Found a transporter.
  2853 | D:5      | Found a transporter.
  2905 | D:5      | Reached XP level 8. HP: 54/75 MP: 7/7
  2917 | D:5      | Reached skill level 8 in Unarmed Combat
  3038 | D:5      | XOM: scenery: 1 doors close
  3161 | D:5      | Reached skill level 1 in Stealth
  3226 | D:5      | XOM: scenery: 1 doors close
  3282 | D:5      | XOM: divination: detect items
  3356 | D:5      | XOM: god gift: forked bronze wand {god gift}
  3362 | D:6      | XOM: noise
  3366 | D:6      | Found Hela's Jewellery Shoppe.
  3586 | D:6      | XOM: noise
  3738 | D:6      | Reached skill level 9 in Unarmed Combat
  4028 | D:7      | XOM: enchant monster (good)
  4045 | D:7      | Reached XP level 9. HP: 84/84 MP: 8/8
  4050 | D:7      | XOM: cast spell 'Summon Mana Viper'
  4051 | D:7      | Reached skill level 1 in Evocations
  4058 | D:7      | Reached skill level 10 in Unarmed Combat
  4076 | D:7      | XOM: noise
  4086 | D:7      | Reached skill level 5 in Dodging
  4247 | D:7      | Reached skill level 1 in Shapeshifting
  4365 | D:7      | Reached skill level 11 in Unarmed Combat
  4379 | D:7      | Found the +11 Singing Sword {sonic wave}
  4385 | D:7      | Upgraded the game from 0.32-a0-433-g08bcfe7efd to
                  | 0.32-a0-468-g38b2580584
  4606 | D:7      | XOM: confusion (+ monsters)
  4754 | D:7      | Found a runed translucent door.
  4755 | D:7      | Noticed Crazy Yiuf
  4760 | D:7      | Killed Crazy Yiuf
  4935 | D:7      | XOM: summons friendly crimson imp
  5020 | D:8      | Noticed Erica
  5195 | D:9      | Found Ijivuiwenk's Assorted Antiques.
  5195 | D:9      | XOM: 3-stop teleportation journey
  5214 | D:9      | Found a flagged portal.
  5282 | D:9      | Reached XP level 10. HP: 76/93 MP: 9/9
  5308 | Bailey   | XOM: noise
  5308 | Bailey   | Entered a bailey
  5441 | Bailey   | Noticed an orc knight
  5449 | Bailey   | XOM: potion effect (might)
  5456 | Bailey   | XOM: swap monsters
  5463 | Bailey   | Killed an orc knight
  5464 | Bailey   | Reached skill level 1 in Long Blades
  5624 | Bailey   | XOM: cloud trail
  5799 | D:9      | Found a runed translucent gate.
  5800 | D:9      | Found a runed translucent gate.
  5801 | D:9      | Found a runed translucent gate.
  5802 | D:9      | Noticed Dittersdorf's ghost (journeyman GrFi)
  5805 | D:9      | Noticed Strat's ghost (novice MDFi)
  5809 | D:9      | Noticed jasper's ghost (novice CoCK)
  5851 | D:9      | Identified the +6 short sword "Demonbane" {freeze, rPois
                  | Int+2 Dex+2}
  5865 | D:10     | Entered Level 10 of the Dungeon
  5955 | D:10     | Noticed Erolcha
  5962 | D:10     | Demolished by Erolcha

Illustrated notes

Levels and vault maps discovered:
D:1:      minmay_arrival_stone_box, layout_rooms
D:2:      layout_basic, serial_shops, shop_statue, dreamdust_wishing_well,
          minmay_split_cup_small
D:3:      layout_loops_ring, fedhas_altar_fruit_tree, serial_shops,
          nicolae_shop_crystal
D:4:      layout_basic, nicolae_overflow_squiral, serial_shops, shop,
          minmay_fractal_squares_diagonal_5
D:5:      gammafunk_steamed_eel, layout_gridville,
          nicolae_overflow_hidden_temple, minmay_temple_entry_stoned_glass,
          item_on_display_b
D:6:      layout_rooms, serial_shops, shop
D:7:      old_forge, layout_basic, minmay_gold_behind_fungi,
          minmay_alternating_orb, uniq_crazy_yiuf_cottage
D:8:      layout_gridville, minmay_increasing_density, uniq_erica, uniq_maurice
D:9:      layout_loops_ring, enter_bailey_8, serial_shops, shop,
          gammafunk_ghost_cemetery
D:10:     layout_basic, orc_0_dummy, kennysheep_another_room,
          kennysheep_generic_room_16, uniq_erolcha
Temple:   nicolae_temple_two_arcs

Skill      XL: |  1  2  3  4  5  6  7  8  9 10 |
---------------+-------------------------------+-----
Dodging        | 2 3 4 5 6 |  6.0
Unarmed Combat | 4 5 6 7 9 11 | 11.6
Fighting       | 3 4 |  4.4
Stealth        | 1 |  1.5
Evocations     | 1 |  1.6
Shapeshifting  | 2 3 |  3.3
Long Blades    | 3 |  3.3
Throwing       | |  0.1

Action                     |  1- 3 |  4- 6 |  7- 9 | 10-12 || total
---------------------------+-------+-------+-------+-------++-------
  Melee: Unarmed           |   107 |   113 |   312 |     9 ||   541
         Punch             |     1 |     3 |    17 |       ||    21
         Double sword      |       |       |    15 |    62 ||    77
  Throw: Dart              |     3 |       |       |     3 ||     6
   Cast: Magic Dart        |       |     1 |       |       ||     1
  Evoke: Wand              |       |       |    13 |     5 ||    18
    Use: Scroll            |       |       |     3 |     1 ||     4
         Potion            |       |       |     4 |     2 ||     6
   Stab: Distracted        |       |       |     1 |       ||     1
         Sleeping          |       |       |     1 |       ||     1
         Held in net/web   |       |       |     1 |       ||     1
 Armour: Robe              |    75 |   106 |   304 |    76 ||   561
         Skin              |       |       |       |    12 ||    12
  Dodge: Dodged            |    64 |    57 |   217 |    71 ||   409
  Block: Tower shield      |       |       |       |    19 ||    19
         Form:             |       |       |     1 |       ||     1
         Maw               |       |       |     1 |       ||     1

Table legend: (Time is in decaauts)
 A = Elapsed time spent in this place.
 B = Non-inter-level travel time spent in this place.
 C = Inter-level travel time spent in this place.
 D = Time resting spent in this place.
 E = Time spent auto-exploring this place.
 F = Levels seen in this place.
 G = Mean time per level.
                   A        B        C        D        E       F      G
               +--------+--------+--------+--------+--------+-----+--------+
         Total |   5923 |   5767 |    156 |    153 |   3508 |  12 |  493.6 |
       Dungeon |   5509 |   5362 |    147 |    127 |   3387 |  10 |  550.9 |
        Temple |     31 |     22 |      9 |      0 |      0 |   1 |   31.0 |
        Bailey |    382 |    382 |      0 |     26 |    121 |   1 |  382.0 |
               +--------+--------+--------+--------+--------+-----+--------+

Top non-repeatable levels by time:
     D:7: 1013 daAuts
     D:3: 827 daAuts
     D:4: 754 daAuts
     D:2: 642 daAuts
     D:5: 627 daAuts
     D:6: 613 daAuts
     D:9: 467 daAuts
     D:1: 439 daAuts
  Bailey: 382 daAuts
    D:10: 100 daAuts
  Temple: 31 daAuts
     D:8: 24 daAuts
